 Dungeon Crawl Stone Soup version 0.29-a0-824-gd827844252 (webtiles) character file.

Game seed: 2804787293922479384

147921 ReploidZero the Ogre Mage (level 17, -2/184 HPs)
             Began as an Ogre Ice Elementalist on July 7, 2022.
             Was a High Priest of Vehumet.
             Killed by an exploding ball lightning (31 damage)
             ... on level 4 of the Shoals on July 9, 2022.
             The game lasted 03:00:41 (42980 turns).

ReploidZero the Ogre Mage (Ogre Ice Elementalist)  Turns: 42980, Time: 03:00:42

Health: -2/184     AC: 16    Str: 16    XL:     17   Next: 47%
Magic:  21/36      EV:  8    Int: 28    God:    Vehumet [*****.]
Gold:   1467       SH:  9    Dex:  9    Spells: 5/47 levels left

rFire   . . .      SeeInvis .   l - staff of conjuration
rCold   . . .      Faith    .   v - +0 kite shield
rNeg    . . .      Spirit   .   s - +2 robe {Archmagi}
rPois   .          Reflect  .   (helmet restricted)
rElec   .          Harm     .   G - +2 cloak {Will+}
rCorr   .          Rampage  .   (gloves unavailable)
Will    ++...      Archmagi +   (boots unavailable)
Stlth   +.........              T - amulet of regeneration
HPRegen 1.20/turn               N - +6 ring of intelligence
MPRegen 0.25/turn               I - +4 ring of protection

@: studying Conjurations
A: large, unfitting armour, tough skin 1, iridescent scales 2
a: Renounce Religion


You were on level 4 of the Shoals.
You worshipped Vehumet.
Vehumet was extremely pleased with you.
You visited 5 branches of the dungeon, and saw 28 of its levels.
You also visited: Bailey.

You collected 3553 gold pieces.
You spent 2086 gold pieces at shops.

Inventory:

Hand Weapons
 Y - a +6 demon whip of venom
Missiles
 b - 28 large rocks
 u - 4 throwing nets
Armour
 s - a +2 robe of the Archmagi (worn)
 v - a +0 kite shield (worn)
 x - +0 steam dragon scales
 G - a +2 cloak of willpower (worn)
Magical Staves
 l - a staff of conjuration (weapon)
 r - a staff of cold
Jewellery
 e - a +4 ring of protection
 I - a +4 ring of protection (right hand)
 M - a ring of protection from fire
 N - a +6 ring of intelligence (left hand)
 R - a ring of protection from fire
 T - an amulet of regeneration (around neck)
 V - a ring of flight
Wands
 j - a wand of paralysis (12)
 B - a wand of polymorph (13)
 C - a wand of flame (10)
 F - a wand of digging (1)
 J - a wand of mindburst (4)
 Q - a wand of iceblast (1)
Scrolls
 d - 15 scrolls of teleportation
 k - 11 scrolls of enchant weapon
 p - 2 scrolls of immolation
 w - a scroll of amnesia
 y - 10 scrolls of identify
 z - 2 scrolls of enchant armour
 K - a scroll of fog
 L - a scroll of silence
 O - 2 scrolls of magic mapping
 S - a scroll of poison
 X - 2 scrolls of blinking
Potions
 c - 6 potions of attraction
 f - 13 potions of curing
 g - 5 potions of lignification
 h - 4 potions of flight
 o - a potion of cancellation
 q - 2 potions of heal wounds
 t - a potion of brilliance
 A - a potion of berserk rage
 D - 3 potions of haste
 E - 3 potions of might
 H - 4 potions of invisibility
 U - 3 potions of mutation
 W - 2 potions of ambrosia
Miscellaneous
 n - a lightning rod (3/4)
 P - a box of beasts


   Skills:
 + Level 15.0 Fighting
 - Level 1.7 Dodging
 - Level 1.4 Stealth
 + Level 9.1 Shields
 + Level 15.5 Spellcasting
 + Level 14.6 Conjurations
 - Level 5.3 Transmutations
 + Level 13.5 Ice Magic
 - Level 10.0 Air Magic
 - Level 6.0 Earth Magic


You had 5 spell levels left.
You knew the following spells:

 Your Spells              Type           Power      Damage    Failure   Level
a - Freeze                Ice            100%       1d11      0%          1
b - Frozen Ramparts       Ice            100%       1d12      1%          3
c - Ozocubu's Armour      Ice            98%        N/A       1%          3
d - Stone Arrow           Conj/Erth      100%       3d13      1%          3
e - Hailstorm             Conj/Ice       100%       3d20      1%          4
f - Static Discharge      Conj/Air       100%       3-16/arc  1%          2
g - Poisonous Vapours     Pois/Air       100%       N/A       1%          2
h - Freezing Cloud        Conj/Ice/Air   59%        6-21      1%          5
i - Irradiate             Conj/Tmut      54%        3d31      1%          5
j - Iron Shot             Conj/Erth      54%        9d10      2%          6
k - Conjure Ball Lightni  Conj/Air       58%        3x3d21    1%          6
l - Sublimation of Blood  Necr           32%        N/A       7%          2

Your spell library contained the following spells:

 Spells                   Type           Power      Damage    Failure   Level
 Eringya's Noxious Bog    Tmut/Pois      26%        N/A       47%         6
 Magic Dart               Conj           100%       1d8       0%          1
 Searing Ray              Conj           100%       2d8       0%          2
 Beastly Appendage        Tmut           100%       N/A       1%          1
 Scorch                   Fire           64%        2d8       1%          2
 Wereblood                Tmut           67%        N/A       1%          2
 Dazzling Flash           Conj/Hex       100%       N/A       1%          3
 Fulminant Prism          Conj/Hex       48%        3d21      1%          4
 Ice Form                 Ice/Tmut       84%        N/A       1%          4
 Sticky Flame             Conj/Fire      96%        2d11      1%          4
 Lightning Bolt           Conj/Air       58%        1d81      1%          5
 Spider Form              Tmut/Pois      53%        N/A       4%          3
 Petrify                  Tmut/Erth      68%        N/A       4%          4
 Corpse Rot               Necr/Pois/Air  57%        N/A       11%         4
 Silence                  Hex/Air        32%        N/A       16%         5
 Animate Dead             Necr           32%        N/A       41%         4
 Cause Fear               Hex            16%        N/A       41%         4
 Dispel Undead            Necr           32%        3d14      41%         4
 Agony                    Necr           32%        N/A       77%         5
 Simulacrum               Ice/Necr       36%        N/A       38%         6
 Maxwell's Capacitive Co  Air            43%        ∞         71%         8
 Polar Vortex             Ice            49%        N/A       98%         9
 Dragon Form              Tmut           33%        N/A       99%         7
 Death Channel            Necr           16%        N/A       100%        6
 Haunt                    Necr/Summ      16%        N/A       100%        7
 Discord                  Hex            16%        N/A       100%        8
 Disjunction              Tloc           16%        N/A       100%        8
 Infestation              Necr           16%        N/A       100%        8
 Dragon's Call            Summ           16%        N/A       100%        9


Dungeon Overview and Level Annotations

Branches:
Dungeon (15/15)            Temple (1/1) D:4            Lair (6/6) D:10
 Shoals (4/4) Lair:2        Snake (0/4) Lair:3        Slime (0/5) Lair:5
    Orc (2/2) D:9             Elf (0/3) Orc:2        Vaults (0/5) D:13
 Depths (0/4) D:15         Bailey (visited)

Altars:
Ashenzari
Cheibriados
Dithmenos
Elyvilon
Fedhas
Gozag
Hepliaklqana
Kikubaaqudgha
Makhleb
Nemelex Xobeh
Okawaru
Qazlal
Ru
Sif Muna
Trog
Uskayaw
Vehumet
Wu Jian
Xom
Yredelemnul
Zin
The Shining One
Jiyva

Shops:
D:4 ([   D:12 :   Orc:2 =(*![   Shoals:3 *   Shoals:4 [

Annotations:
D:7 1 runed translucent door
D:14 3 runed translucent doors, Noohia's ghost, journeyman MeCK


Innate Abilities, Weirdness & Mutations

You are too large for most types of armour.
You have tough skin. (AC +1)
You are mostly covered in iridescent scales. (AC +4)


Message History

The merfolk is engulfed in freezing vapours.
A sea snake comes into view.
Unknown command.
Unknown command.
Casting: Freezing Cloud (mildly dangerous; 1% risk of failure)
Confirm with . or Enter, or press ? or * to list all spells.
Okay, then.
Unknown command.
Casting: Freezing Cloud (mildly dangerous; 1% risk of failure)
Confirm with . or Enter, or press ? or * to list all spells.
You feel a strong surge of power!
You create some ball lightning! 3 ball lightnings come into view.
The merfolk is engulfed in freezing vapours.
The sea snake is engulfed in freezing vapours.
Your ball lightning explodes!
The blast of lightning engulfs the merfolk!!
The merfolk is almost dead.
The blast of lightning engulfs your ball lightning.
Your ball lightning completely resists.
The blast of lightning engulfs you!
* * * LOW HITPOINT WARNING * * *
Your ball lightning explodes!
The blast of lightning engulfs your ball lightning.
Your ball lightning completely resists.
The blast of lightning engulfs you!!
* * * LOW HITPOINT WARNING * * *
The blast of lightning engulfs the merfolk!!!
You kill the merfolk!
Vehumet accepts your kill.
You feel your power returning.
You hear a splash.
The sea snake is engulfed in freezing vapours.
A water elemental comes into view.
The sea snake is engulfed in freezing vapours.
Your ball lightning explodes!
The blast of lightning engulfs the sea snake!!!
You kill the sea snake!
Vehumet accepts your kill.
You feel your power returning. The blast of lightning engulfs you!!
You die...

....PP.......≈≈≈≈≈≈≈≈≈≈≈.........
P≈≈...P....≈≈≈≈≈≈≈≈≈≈≈≈≈.........
..≈≈P......≈≈≈≈≈≈≈≈≈≈≈≈≈.........
.P.P.......≈≈≈≈≈≈≈≈≈≈≈≈≈.........
PP.≈.P....≈≈≈≈≈≈≈≈≈≈≈≈≈..........
#..≈≈.....≈≈≈≈≈≈≈≈≈≈(≈≈..........
#^P.......≈≈≈≈≈≈≈≈≈≈≈≈§§§....####
##.P......≈≈≈.)≈≈≈≈≈†≈§§§...#...
#....≈....≈≈....@.≈≈)≈§§§..#.#...
P..≈≈..##.≈E..###..≈≈≈....#.#..≈#
..≈≈≈.....≈≈.......≈≈≈....#...≈≈≈
≈≈≈≈........)).....≈≈≈....#..≈≈##
≈≈≈≈................≈≈....#
≈≈≈..........[......≈≈....#
≈≈≈≈.................≈....#
≈≈≈≈.................≈.####
≈≈≈≈.....≈..........≈≈.###


You could see a water elemental (wandering).

Vanquished Creatures
  Mara (Shoals:4)
  Nikola (Shoals:1)
  A kraken (Shoals:3)
  A stone giant (D:15)
  2 merfolk javelineers (Shoals:4)
  3 merfolk impalers
  A yaktaur captain (D:13)
  The ghost of zhov the Skirmisher, a journeyman TeHu of Dithmenos (Lair:1)
  12 hydras
  2 boulder beetles (D:14)
  2 vault guards (Bailey)
  4 ogre magi
  13 two-headed ogres
  A merfolk aquamancer (Shoals:4)
  The ghost of quixfox the Cleaver, a novice HOFi of Okawaru (D:10)
  An alligator snapping turtle (Shoals:2)
  A centaur warrior (D:12)
  4 satyrs
  2 tengu warriors (D:15)
  2 deep trolls
  A skeletal warrior (D:15)
  7 sea snakes
  4 lindwurms
  A deep elf pyromancer (D:15)
  2 wizards (D:15)
  2 wolf spider zombies (D:15)
  An orc knight (D:15)
  9 harpies
  2 oklob plants
  2 orc sorcerers (Orc:2)
  7 cyclopes
  11 ugly things
  A wolf spider (Lair:6)
  13 fauns
  15 slime creatures
  7 elephants
  7 merfolk sirens
  17 manticores
  4 centaur zombies (D:15)
  2 water nymphs
  2 torpor snails
  5 black mambas
  3 guardian serpents
  15 cane toads
  An unseen horror (D:11)
  4 rime drakes
  Psyche (D:11)
  A redback zombie (D:15)
  8 kobold demonologists
  13 komodo dragons
  5 yaktaurs
  An efreet (D:13)
  2 tengu conjurers (D:14)
  2 ice devils (Lair:2)
  4 polar bears
  2 burning bushes (Lair:5)
  12 trolls
  27 merfolk
  3 hornets (Lair:6)
  Prince Ribbit (Bailey)
  19 blink frogs
  6 wind drakes
  12 dream sheep
  11 snapping turtles
  A meliai zombie (D:15)
  Sigmund (D:3)
  12 spriggans (Lair:2)
  7 water elementals
  16 wyverns
  A jumping spider (shapeshifter) (D:13)
  A wraith (D:15)
  71 yaks
  4 basilisks
  A basilisk (shapeshifter) (D:14)
  Grum (Lair:1)
  3 redbacks (Lair:6)
  2 steam dragons
  4 humans (Bailey)
  A warg (Orc:2)
  Menkaure (D:6)
  5 vampire mosquitoes
  4 nagas (Lair:3)
  30 water moccasins
  An ice beast (D:7)
  A sky beast (D:7)
  12 orc warriors
  25 ogres
  7 centaurs
  3 wolves (Lair:1)
  A phantom (D:6)
  6 kobold brigands
  2 gnoll sergeants
  A necrophage (D:4)
  15 bullfrogs
  2 scorpions
  7 jellies
  45 killer bees
  An electric eel (D:11)
  4 howler monkeys
  7 hounds
  11 orc priests
  3 gnoll boudas
  Jessica (D:3)
  6 hell rats (Lair:6)
  3 iguanas
  A boggart zombie (D:15)
  20 orc wizards
  22 gnolls
  9 adders
  2 shadow imps
  2 white imps
  4 ufetubi
  5 worms
  A dart slug (D:2)
  65 orcs
  8 ball pythons
  8 endoplasms
  4 giant cockroaches
  8 goblins
  11 hobgoblins
  2 jackals (D:4)
  3 quokkas
  14 bats
  4 frilled lizards
  A goblin zombie (D:7)
  A jackal skeleton (D:7)
  29 kobolds
  A kobold zombie (D:7)
  5 rats
  2 bushes (Lair:5)
  2 tentacles (Shoals:3)
895 creatures vanquished.

Vanquished Creatures (collateral kills)
  A ball lightning (D:15)
1 creature vanquished.

Vanquished Creatures (others)
  4 dream sheep (D:6)
  42 ball lightnings
  51 fungi
  162 plants
  7 tentacles (Shoals:3)
  4 withered plants (D:15)
270 creatures vanquished.

Grand Total: 1166 creatures vanquished

Notes
Turn   | Place    | Note
-------+----------+-------------------------------------------
     0 | D:1      | ReploidZero the Ogre Ice Elementalist began the quest for
                  | the Orb.
     0 | D:1      | Reached XP level 1. HP: 16/16 MP: 3/3
   338 | D:1      | Reached XP level 2. HP: 23/24 MP: 0/5
   933 | D:1      | Found a faded altar of an unknown god.
  1063 | D:1      | Reached XP level 3. HP: 31/31 MP: 5/7
  1186 | D:2      | Learned a level 3 spell: Frozen Ramparts
  1190 | D:2      | Learned a level 3 spell: Ozocubu's Armour
  1870 | D:2      | Reached XP level 4. HP: 36/39 MP: 5/9
  2473 | D:3      | Noticed Jessica
  2481 | D:3      | Killed Jessica
  2482 | D:3      | Reached XP level 5. HP: 31/45 MP: 7/11
  2915 | D:3      | Noticed Sigmund
  2942 | D:3      | Killed Sigmund
  2943 | D:3      | Reached skill level 5 in Spellcasting
  2943 | D:3      | Reached skill level 5 in Ice Magic
  2943 | D:3      | Reached XP level 6. HP: 37/53 MP: 3/14
  3040 | D:3      | Found an iron altar of Okawaru.
  3045 | D:3      | Found an ornate altar of the Wu Jian Council.
  3045 | D:3      | Found a shadowy altar of Dithmenos.
  3045 | D:3      | Found a sacrificial altar of Ru.
  3703 | D:3      | Learned a level 1 spell: Magic Dart
  3779 | D:4      | Found Nufab's Weapon Boutique.
  3966 | D:4      | Found a staircase to the Ecumenical Temple.
  4055 | Temple   | Entered the Ecumenical Temple
  4122 | Temple   | Became a worshipper of Vehumet
  4523 | D:4      | Reached skill level 1 in Conjurations
  4989 | D:4      | Reached XP level 7. HP: 27/57 MP: 9/15
  5171 | D:4      | Found Wugoaf's Antique Armour Shop.
  5441 | D:4      | Learned a level 4 spell: Hailstorm
  5453 | D:5      | Entered Level 5 of the Dungeon
  5713 | D:5      | Reached * piety under Vehumet
  5713 | D:5      | Offered knowledge of Foxfire by Vehumet.
  6141 | D:5      | Reached XP level 8. HP: 66/67 MP: 13/17
  6583 | D:5      | Found a stormy altar of Qazlal.
  6617 | D:5      | Learned a level 2 spell: Static Discharge
  6667 | D:5      | Found an opulent altar of Gozag.
  7213 | D:6      | Reached skill level 1 in Air Magic
  7375 | D:6      | Reached ** piety under Vehumet
  7375 | D:6      | Offered knowledge of Poisonous Vapours by Vehumet.
  7546 | D:6      | Noticed Menkaure
  7553 | D:6      | Killed Menkaure
  7554 | D:6      | Reached XP level 9. HP: 38/74 MP: 13/20
  8165 | D:6      | Learned a level 2 spell: Poisonous Vapours
  8174 | D:6      | Reached skill level 1 in Fighting
  8915 | D:6      | Found a shimmering altar of Xom.
  8917 | D:6      | Reached skill level 5 in Conjurations
  9237 | D:6      | Learned a level 5 spell: Freezing Cloud
  9474 | D:7      | Found a runed translucent door.
  9738 | D:7      | Offered knowledge of Scorch by Vehumet.
  9747 | D:7      | Learned a level 2 spell: Scorch
 10094 | D:7      | Found a basalt altar of Yredelemnul.
 10231 | D:8      | Found a blossoming altar of Fedhas.
 10510 | D:8      | Reached *** piety under Vehumet
 10512 | D:8      | Reached XP level 10. HP: 85/94 MP: 15/22
 11074 | D:8      | Found a burning altar of Makhleb.
 11076 | D:8      | Noticed a green death
 11119 | D:8      | Upgraded the game from 0.29-a0-821-g66395355a5 to
                  | 0.29-a0-823-gc37b1572da
 11282 | D:8      | Found a shimmering blue altar of Sif Muna.
 11421 | D:9      | Found a flagged portal.
 11433 | D:9      | Reached skill level 5 in Fighting
 11434 | D:9      | Offered knowledge of Stone Arrow by Vehumet.
 11548 | Bailey   | Entered a bailey
 11621 | Bailey   | Noticed Prince Ribbit
 11637 | Bailey   | Killed Prince Ribbit
 11957 | Bailey   | Noticed a vault guard
 11969 | Bailey   | Killed a vault guard
 11970 | Bailey   | Reached skill level 5 in Air Magic
 12260 | Bailey   | Noticed a vault guard
 12265 | Bailey   | Killed a vault guard
 12328 | Bailey   | Identified a scroll of acquirement
 12328 | Bailey   | Acquired 644 gold pieces
 12361 | D:9      | Reached XP level 11. HP: 107/107 MP: 17/24
 12367 | D:9      | Learned a level 3 spell: Stone Arrow
 12368 | D:9      | Reached **** piety under Vehumet
 12751 | D:9      | Reached skill level 10 in Spellcasting
 12755 | D:9      | Offered knowledge of Inner Flame by Vehumet.
 13060 | D:9      | Found a staircase to the Orcish Mines.
 13613 | D:9      | Gained mutation: You have sharp toenails. [potion of
                  | mutation]
 13613 | D:9      | Gained mutation: Your system is resistant to poisons.
                  | (rPois) [potion of mutation]
 13638 | D:10     | Entered Level 10 of the Dungeon
 13663 | D:10     | Noticed a two-headed ogre
 13667 | D:10     | Killed a two-headed ogre
 13764 | D:10     | Found a runed translucent door.
 13767 | D:10     | Noticed quixfox's ghost (novice HOFi)
 13854 | D:10     | Found a staircase to the Lair.
 14248 | D:10     | Identified the +11 spear of Contradiction {pain, rC++}
 14562 | D:10     | Killed quixfox's ghost
 14731 | Lair:1   | Entered Level 1 of the Lair of Beasts
 15043 | Lair:1   | Noticed an eight-headed hydra
 15046 | Lair:1   | Killed an eight-headed hydra
 15046 | Lair:1   | Reached ***** piety under Vehumet
 15086 | Lair:1   | Offered knowledge of Spellforged Servitor by Vehumet.
 15283 | Lair:1   | Noticed a five-headed hydra
 15288 | Lair:1   | Noticed Grum
 15289 | Lair:1   | Killed a five-headed hydra
 15304 | Lair:1   | Killed Grum
 15307 | Lair:1   | Reached XP level 12. HP: 106/122 MP: 1/26
 15510 | Lair:1   | Noticed a four-headed hydra
 15513 | Lair:1   | Killed a four-headed hydra
 15851 | Lair:1   | Reached skill level 10 in Ice Magic
 16013 | Lair:1   | Found a runed translucent gate.
 16014 | Lair:1   | Found a runed translucent gate.
 16015 | Lair:1   | Found a runed translucent gate.
 16016 | Lair:1   | Noticed zhov's ghost (journeyman TeHu)
 16355 | Lair:1   | Found a viscous altar of Jiyva.
 16388 | Lair:1   | Killed zhov's ghost
 16709 | Lair:2   | Noticed a four-headed hydra
 16715 | Lair:2   | Killed a four-headed hydra
 16829 | Lair:2   | Reached skill level 10 in Fighting
 16985 | Lair:2   | Found a staircase to the Shoals.
 17149 | Lair:2   | Noticed a five-headed hydra
 17157 | Lair:2   | Killed a five-headed hydra
 18599 | Lair:2   | Reached XP level 13. HP: 117/135 MP: 24/28
 19391 | Lair:3   | Offered knowledge of Irradiate by Vehumet.
 19597 | Lair:3   | Found a staircase to the Snake Pit.
 21827 | Lair:5   | Learned a level 5 spell: Irradiate
 22466 | Lair:5   | Reached skill level 10 in Conjurations
 22466 | Lair:5   | Reached XP level 14. HP: 149/149 MP: 15/30
 23434 | Lair:5   | Offered knowledge of Iron Shot by Vehumet.
 23494 | Lair:5   | Learned a level 6 spell: Iron Shot
 23685 | Lair:5   | Found a staircase to the Slime Pits.
 23699 | Lair:5   | Lost mutation: You have sharp toenails. [potion of
                  | mutation]
 23699 | Lair:5   | Lost mutation: Your system is resistant to poisons. (rPois)
                  | [potion of mutation]
 23699 | Lair:5   | Gained mutation: Your muscles are strong. (Str +4, Int/Dex
                  | -1) [potion of mutation]
 23700 | Lair:5   | Lost mutation: Your muscles are strong. (Str +4, Int/Dex
                  | -1) [potion of mutation]
 23700 | Lair:5   | Gained mutation: You are partially covered in iridescent
                  | scales. (AC +2) [potion of mutation]
 23700 | Lair:5   | Gained mutation: You are mostly covered in iridescent
                  | scales. (AC +4) [potion of mutation]
 23753 | Lair:6   | Entered Level 6 of the Lair of Beasts
 24708 | Lair:6   | Reached skill level 10 in Air Magic
 25703 | Lair:6   | Reached skill level 1 in Shields
 25705 | Lair:6   | Reached skill level 1 in Earth Magic
 25706 | Lair:6   | Reached skill level 1 in Transmutations
 26384 | D:11     | You fall into a shaft and drop 1 floor!
 26482 | D:12     | Found Nyuwnopp's Book Boutique.
 26491 | D:12     | Bought a book of Chaos for 600 gold pieces
 26491 | D:12     | Bought a manual of Conjurations for 960 gold pieces
 26760 | D:11     | Found a gate leading to a gauntlet.
 26913 | D:11     | Noticed Psyche
 26919 | D:11     | Killed Psyche
 27441 | D:12     | Reached XP level 15. HP: 145/159 MP: 33/33
 27810 | D:12     | Offered knowledge of Ozocubu's Refrigeration by Vehumet.
 28589 | Orc:1    | Entered Level 1 of the Orcish Mines
 28834 | Orc:1    | You fall into a shaft and drop 1 floor!
 28834 | Orc:2    | Entered Level 2 of the Orcish Mines
 29157 | Orc:2    | Found a staircase to the Elven Halls.
 29161 | Orc:2    | Found Ivifob's Jewellery Emporium.
 29180 | Orc:2    | Found a bloodstained altar of Trog.
 30775 | Orc:2    | Found Aseh Ludgh's Assorted Antiques.
 30945 | Orc:2    | Found Caiprala's Antique Weapon Shoppe.
 30945 | Orc:2    | Found Socheodunt's Distillery.
 31549 | Orc:2    | Offered knowledge of Orb of Destruction by Vehumet.
 31798 | Orc:2    | Bought a wand of quicksilver (4) for 144 gold pieces
 31798 | Orc:2    | Bought a potion of mutation for 144 gold pieces
 31800 | Orc:2    | Found Ijeherr's Armour Shoppe.
 31831 | Orc:2    | Bought a potion of lignification for 42 gold pieces
 31831 | Orc:2    | Bought a potion of lignification for 42 gold pieces
 32132 | Orc:2    | Bought a potion of curing for 42 gold pieces
 32132 | Orc:2    | Bought a potion of cancellation for 112 gold pieces
 33068 | D:13     | Identified the +4 scale mail of Time Monsters {Contam Will+
                  | Regen+ Str+5}
 33117 | D:13     | Found a gate to the Vaults.
 33143 | D:13     | Found a snail-covered altar of Cheibriados.
 33154 | D:13     | Learned a level 6 spell: Conjure Ball Lightning
 33543 | D:13     | Reached skill level 5 in Shields
 34396 | D:14     | Reached skill level 5 in Transmutations
 34705 | D:14     | Found a runed translucent gate.
 34705 | D:14     | Found a runed translucent gate.
 34706 | D:14     | Found a runed translucent gate.
 34708 | D:14     | Noticed Noohia's ghost (journeyman MeCK)
 34962 | D:15     | Entered Level 15 of the Dungeon
 34980 | D:15     | Found a blossoming altar of Fedhas.
 35017 | D:15     | Reached XP level 16. HP: 92/169 MP: 13/34
 35896 | D:15     | Found a staircase to the Depths.
 36124 | D:15     | Offered knowledge of Lee's Rapid Deconstruction by Vehumet.
 36125 | D:15     | Reached skill level 5 in Earth Magic
 37881 | Shoals:1 | Entered Level 1 of the Shoals
 38192 | Shoals:1 | Noticed Nikola
 38230 | Shoals:1 | Killed Nikola
 38576 | Shoals:1 | Found a sacrificial altar of Ru.
 39111 | Shoals:2 | You fall into a shaft and drop 1 floor!
 39293 | Shoals:3 | Upgraded the game from 0.29-a0-823-gc37b1572da to
                  | 0.29-a0-824-gd827844252
 39496 | Shoals:3 | Learned a level 2 spell: Sublimation of Blood
 39893 | Shoals:3 | Offered knowledge of Eringya's Noxious Bog by Vehumet.
 39906 | Shoals:3 | Reached skill level 15 in Spellcasting
 40003 | Shoals:3 | Found Teirphel's Overcharged Wands.
 40177 | Shoals:3 | Noticed a kraken
 40216 | Shoals:3 | Killed a kraken
 40217 | Shoals:3 | Reached XP level 17. HP: 108/182 MP: 11/36
 41942 | Shoals:4 | Entered Level 4 of the Shoals
 42269 | Shoals:4 | Found Ybbul's Antique Armour Emporium.
 42337 | Shoals:4 | Noticed Mara
 42349 | Shoals:4 | Killed Mara
 42544 | Shoals:4 | Reached skill level 15 in Fighting
 42980 | Shoals:4 | Killed by an exploding ball lightning

Illustrated notes

Levels and vault maps discovered:
D:1:      tarquinn_simple_flora_water_a, layout_loops_cross,
          shapermc_ecumenical_altar_mp_ritualfount
D:2:      layout_rooms, kennysheep_cross_room
D:3:      layout_basic, grunt_temple_overflow_open,
          minmay_randomly_rotated_circles, uniq_sigmund, uniq_jessica
D:4:      layout_loops_corners, minmay_temple_entry_antechambers, serial_shops,
          kennysheep_mini_moat, nicolae_shop_advertising_works
          [nicolae_subvault_shop_adworks]
D:5:      layout_basic, lemuel_coloured_pillars_altar,
          nicolae_gozag_cash_rules_everything_around_me
D:6:      layout_layer_cave, kb_xom_exploding_sheep, minmay_bent, uniq_menkaure
D:7:      minmay_klotski, layout_basic, dk_yredelemnul_ordeal
D:8:      layout_cave_pools, kennysheep_mini, general_overflow_altar,
          makhleb_altar_promises_db
D:9:      layout_loops_ring, david_orc_2, enter_bailey_6
D:10:     layout_irregular_city, lair_entry_dummy,
          hellmonk_ghost_happy_afterlife, serial_glass, glass_columns_a,
          glass_columns_c, glass_columns_b, roderic_batcave
D:11:     layout_basic, gauntlet_entry_generic, small_statue_alley_a,
          uniq_psyche
D:12:     nrook_guardian_serpent_snake_passage, layout_rooms, serial_shops,
          nicolae_stop_n_shop_1
D:13:     layout_cave_pools, david_vaults_2, serial_glass, glass_columns_b,
          glass_columns_b, glass_columns_b, glass_columns_a, glass_columns_a,
          cheibrodos_worm_habitat
D:14:     layout_long_grid, gammafunk_ghost_spectres
D:15:     grunt_enter_depths_snipers, layout_gridville, serial_undead,
          serial_undead_f, serial_undead_b, serial_undead_a, serial_undead_f,
          fedhas_altar_2
Temple:   jpeg_temple_clearing
Lair:1:   layout_cave_pods, gammafunk_ghost_ooze, grunt_megastairs_1,
          lemuel_fruit_tree, serial_bayou_shore_a, infiniplex_staircase_pool,
          uniq_grum
Lair:2:   wad_woods_minihive, layout_regular_city, elwin_shoals_entry_rocks,
          nicolae_volcano_entry_vermiform, portal_ice_cave_demonic_guard,
          minivault_11, serial_bayou_shore_b, infiniplex_staircase_pool_2
Lair:3:   layout_cave_pods, minmay_snake_entry_guardpost_medium
Lair:4:   layout_regular_city, nicolae_lair_lindhole, grunt_megastairs_2,
          lemuel_fruit_fields
Lair:5:   layout_gridlike, dpeg_slime_entry_corner, evilmike_ambush
          [evilmike_ambush_outer_basic, evilmike_ambush_inner_wall_2]
Lair:6:   wormcave, layout_gridlike, hangedman_lair_tendril_chambers,
          special_room [special_room_mythical_zoo]
Shoals:1: layout_shoals, lemuel_oklob_altar, uniq_nikola
Shoals:2: layout_shoals
Shoals:3: layout_shoals, nicolae_shop_overcharged_wands
Shoals:4: shoals_end_hangedman, layout_shoals, serial_shops, nicolae_shop_trees,
          uniq_mara
Orc:1:    layout_diamond_mine
Orc:2:    st_orc_open, layout_caves, basic_altar, abandoned_shop,
          minmay_shop_enchanted_jewellery

Skill      XL: |  1  2  3  4  5  6  7  8  9 10 11 12 13 14 15 16 17 |
---------------+----------------------------------------------------+-----
Spellcasting   | 3 4 5 6 7 8 9 10 11 12 14 15 | 15.5
Ice Magic      | 4 5 6 7 8 9 10 11 12 13 | 13.5
Conjurations   | 1 2 4 5 6 7 8 10 11 12 13 14 | 14.6
Air Magic      | 2 4 5 6 8 9 10 | 10.0
Fighting       | 4 6 8 10 12 13 14 15 | 15.0
Shields        | 2 6 8 9 |  9.1
Earth Magic    | 1 4 6 |  6.0
Transmutations | 1 5 |  5.3
Dodging        | |  1.7
Stealth        | |  1.4

Action                   |  1- 3 |  4- 6 |  7- 9 | 10-12 | 13-15 | 16-18 || total
-------------------------+-------+-------+-------+-------+-------+-------++-------
Melee: Unarmed           |    20 |       |       |       |       |       ||    20
       Punch             |     1 |       |       |       |       |       ||     1
       Whip              |    25 |    72 |       |       |       |       ||    97
       Staff             |       |    11 |    69 |    36 |   114 |    44 ||   274
       Kick              |       |       |       |     3 |    12 |       ||    15
Throw: Stone             |     6 |       |       |       |       |       ||     6
       Javelin           |     2 |     2 |       |       |       |       ||     4
 Cast: Freeze            |    57 |    11 |    22 |     3 |     7 |       ||   100
       Frozen Ramparts   |       |    12 |    27 |    21 |    10 |     5 ||    75
       Ozocubu's Armour  |       |     1 |       |     2 |     2 |       ||     5
       Magic Dart        |       |    61 |    41 |       |       |       ||   102
       Static Discharge  |       |       |    67 |    53 |    78 |    23 ||   221
       Hailstorm         |       |       |     3 |     8 |     6 |     8 ||    25
       Freezing Cloud    |       |       |     2 |    41 |    89 |    56 ||   188
       Poisonous Vapours |       |       |     1 |    30 |    39 |    19 ||    89
       Stone Arrow       |       |       |       |   117 |   407 |   163 ||   687
       Iron Shot         |       |       |       |       |     8 |    82 ||    90
       Irradiate         |       |       |       |       |    10 |     2 ||    12
       Conjure Ball Ligh |       |       |       |       |     8 |     9 ||    17
       Sublimation of Bl |       |       |       |       |       |     1 ||     1
Evoke: Wand              |       |       |       |     8 |    20 |    22 ||    50
       Lightning rod     |       |       |       |       |     2 |     2 ||     4
       Box of beasts     |       |       |       |       |       |     1 ||     1
  Use: Scroll            |       |    10 |     5 |    12 |    13 |     7 ||    47
       Potion            |       |       |       |     3 |    11 |     7 ||    21
 Stab: Paralysed         |       |       |       |       |       |     7 ||     7
Armor: Robe              |    27 |    36 |   104 |    46 |   123 |   116 ||   452
       Skin              |       |       |       |       |       |     9 ||     9
Dodge: Dodged            |    31 |    51 |   102 |    58 |    91 |    75 ||   408
Block: Kite shield       |       |       |       |       |    63 |    78 ||   141

Table legend: (Time is in decaauts)
 A = Elapsed time spent in this place.
 B = Non-inter-level travel time spent in this place.
 C = Inter-level travel time spent in this place.
 D = Time resting spent in this place.
 E = Time spent auto-exploring this place.
 F = Levels seen in this place.
 G = Mean time per level.
                   A        B        C        D        E       F      G
               +--------+--------+--------+--------+--------+-----+--------+
         Total |  43387 |  41742 |   1645 |     40 |  36180 |  29 | 1496.1 |
       Dungeon |  21887 |  20936 |    951 |     24 |  18296 |  15 | 1459.1 |
        Temple |    130 |    113 |     17 |      0 |     96 |   1 |  130.0 |
          Lair |  11733 |  11297 |    436 |      0 |   9852 |   6 | 1955.5 |
        Shoals |   5161 |   5019 |    142 |      0 |   4188 |   4 | 1290.2 |
  Orcish Mines |   3665 |   3566 |     99 |     16 |   3045 |   2 | 1832.5 |
        Bailey |    808 |    808 |      0 |      0 |    702 |   1 |  808.0 |
               +--------+--------+--------+--------+--------+-----+--------+

Top non-repeatable levels by time:
    D:15: 2645 daAuts
  Lair:2: 2565 daAuts
   Orc:1: 2385 daAuts
     D:6: 2296 daAuts
  Lair:6: 2295 daAuts
  Lair:1: 1960 daAuts
Shoals:3: 1909 daAuts
  Lair:5: 1750 daAuts
  Lair:3: 1720 daAuts
     D:4: 1618 daAuts
    D:12: 1548 daAuts
     D:3: 1547 daAuts
     D:9: 1546 daAuts
    D:14: 1512 daAuts
     D:5: 1509 daAuts
